Map: Yellowjacket

Players

Blood

  • Race: Zerg Zerg
  • Spawn Location: 1:00

Vanwoodsen

  • Race: Zerg Zerg
  • Spawn Location: 3:00

Ekelpack - Winner!

  • Race: Zerg Zerg
  • Spawn Location: 9:00

Nyck - Winner!

  • Race: Terran Terran
  • Spawn Location: 7:00

VOD

Have the link to the VOD?

Description

Time

  • Played on: March 26, 2025, 4:08 p.m.
  • Length: 13:30
Show
View Real Time Build Order
Export as new Build Order

Blood Zerg 

Build Orders: Pool First 

Get SALT Encoding   

  12  0:01  Drone  
  13  0:10  Drone  
  13  0:13  Extractor  
  13  0:15  Extractor  
  13  0:18  Drone  
  13  0:23  Drone  
  13  0:28  Overlord  
  16  0:44  Spawning Pool  
  16  0:46  Drone  
  16  0:49  Drone  
  17  0:59  Drone  
  18  1:12  Hatchery  
  18  1:14  Drone  
  18  1:19  Drone, Extractor  
  18  1:28  Drone  
  19  1:36  Queen  
  21  1:43  Drone  
  22  1:49  Extractor  
  22  1:50  Drone  
  22  2:08  Overlord  
  22  2:18  Metabolic Boost  
  22  2:22  Overlord  
  22  2:35  Baneling Nest  
  21  2:45  Lair  
  21  2:50  Hatchery  
  20  2:55  Zergling x6  
  23  3:26  Drone x5  
  23  3:27  Drone x3  
  31  3:41  Queen  
  33  4:01  Drone x6  
  39  4:15  Drone x6  
  45  4:18  Extractor x2  
  45  4:22  Centrifugal Hooks  
  43  4:42  Zergling x12, Infestation Pit  
  48  4:51  Overseer  
  48  4:55  Drone x2  
  48  4:56  Overlord x3  
  50  5:08  Overlord  
  50  5:09  Overlord  
  50  5:19  Hive  
  50  5:35  Drone x10  
  57  5:38  Baneling  
  57  5:39  Baneling x3  
  57  5:40  Baneling  
  57  5:41  Baneling  
  60  5:43  Drone  
  60  5:49  Spore Crawler  
  60  5:53  Spore Crawler  
  60  5:56  Spore Crawler  
  58  5:57  Spore Crawler  
  58  6:02  Spore Crawler  
  56  6:06  Spore Crawler  
  56  6:10  Spore Crawler x2  
  49  6:31  Spore Crawler  
  48  6:33  Spore Crawler  
  48  6:36  Spore Crawler x2  
  40  6:53  Spore Crawler  
  39  6:55  Ultralisk Cavern  
  39  6:56  Overseer  
  39  6:57  Drone x6  
  39  6:58  Drone x7, Spore Crawler  
  50  7:27  Spore Crawler  
  49  7:32  Spore Crawler  
  48  7:37  Evolution Chamber  
  48  7:39  Evolution Chamber  
  46  7:47  Chitinous Plating  
  46  7:49  Ultralisk x2  
  46  7:50  Ultralisk  
  64  8:04  Ultralisk  
  70  8:07  Zerg Melee Weapons Level 1  
  70  8:09  Zerg Ground Armor Level 1  
  70  8:13  Drone x3  
  70  8:15  Drone  
  74  8:20  Drone x3  
  77  8:41  Infestor  
  77  8:48  Overlord x3  
  79  8:54  Queen  
  81  9:06  Anabolic Synthesis  
  81  9:08  Ultralisk x2  
  81  9:09  Ultralisk  
  99  9:13  Drone x7  
  106  9:17  Extractor  
  106  9:18  Extractor  
  104  9:31  Drone x2  
  106  9:33  Overlord x3  
  106  9:34  Overlord x2  
  106  9:55  Ultralisk  
  106  9:56  Ultralisk  
  106  9:59  Spore Crawler  
  117  10:00  Spore Crawler  
  117  10:04  Zerg Melee Weapons Level 2  
  117  10:06  Zerg Ground Armor Level 2  
  116  10:11  Drone  
  116  10:12  Drone x7  
  124  10:22  Spore Crawler  
  124  10:23  Drone  
  124  10:24  Drone x2  
  124  10:27  Spore Crawler  
  124  10:28  Spore Crawler  
  124  10:33  Ultralisk  
  130  11:07  Hatchery  
  129  11:12  Hatchery  
  102  11:25  Ultralisk  
  102  11:34  Ultralisk  
  102  11:38  Ultralisk x2  
  121  11:44  Ultralisk  
  79  12:12  Ultralisk  
  79  12:13  Zergling x2, Ultralisk x2  
  82  12:25  Zergling x2  
  82  12:26  Zergling x16  
  61  12:43  Ultralisk x2  
Show
View Real Time Build Order
Export as new Build Order

Vanwoodsen Zerg 

Build Orders: Pool First, Lurkers, Roach Nydus 

Get SALT Encoding   

  12  0:00  Drone  
  13  0:12  Drone  
  14  0:23  Drone x2, Extractor x2  
  16  0:29  Overlord  
  16  0:49  Spawning Pool  
  16  0:50  Drone, Extractor  
  16  0:52  Drone  
  16  0:57  Drone  
  17  1:02  Extractor  
  16  1:06  Drone  
  17  1:22  Drone  
  18  1:38  Hatchery  
  17  1:42  Drone  
  17  1:46  Drone  
  19  1:55  Metabolic Boost  
  19  2:01  Drone  
  20  2:06  Drone  
  21  2:11  Drone  
  22  2:25  Roach Warren  
  22  2:28  Drone  
  22  2:41  Overlord  
  22  2:48  Lair  
  22  2:52  Drone  
  22  2:54  Drone  
  24  3:25  Roach x3  
  24  3:26  Roach  
  32  3:33  Overlord  
  32  3:45  Spine Crawler  
  32  3:51  Drone x4  
  32  3:52  Drone  
  37  3:55  Glial Reconstitution  
  37  4:06  Queen  
  39  4:15  Queen  
  41  4:21  Overlord  
  41  4:27  Overlord  
  41  4:37  Roach  
  43  4:38  Drone  
  43  4:39  Drone x2  
  43  4:42  Drone, Pneumatized Carapace  
  47  4:48  Spore Crawler, Drone  
  47  4:53  Roach  
  47  4:58  Extractor  
  47  4:59  Drone x2  
  50  5:06  Drone  
  51  5:10  Roach  
  53  5:19  Drone  
  53  5:21  Nydus Network  
  53  5:23  Zergling x6  
  53  5:28  Roach x2  
  60  5:31  Overlord  
  60  5:53  Overlord x3  
  60  6:00  Hydralisk Den, Drone  
  60  6:12  Queen  
  62  6:19  Spore Crawler  
  62  6:21  Spore Crawler  
  62  6:22  Drone x3  
  62  6:23  Spore Crawler  
  62  6:31  Spore Crawler x2  
  62  6:32  Spore Crawler  
  59  6:33  Spore Crawler, Muscular Augments  
  58  6:49  Hydralisk x3  
  58  6:52  Hydralisk  
  66  6:57  Drone  
  66  6:58  Drone  
  68  7:06  Drone x3  
  71  7:17  Hydralisk x2  
  75  7:35  Overlord x2  
  75  7:37  Grooved Spines  
  75  7:57  Overlord x4  
  75  7:59  Overseer  
  75  8:07  Zergling x2  
  75  8:09  Overlord x3  
  76  8:17  Hydralisk x3  
  76  8:18  Hydralisk x3  
  88  8:25  Drone x2  
  88  8:26  Drone  
  91  8:27  Drone  
  92  8:50  Spine Crawler  
  92  8:52  Spore Crawler  
  92  8:53  Drone  
  92  8:54  Drone x2, Extractor  
  92  8:55  Drone x2  
  94  9:00  Hatchery  
  94  9:01  Spore Crawler  
  92  9:05  Hydralisk  
  92  9:07  Hydralisk  
  96  9:32  Overlord  
  96  9:37  Nydus Canal  
  96  9:44  Hydralisk x3  
  96  9:45  Hydralisk x6  
  114  10:06  Infestation Pit, Lurker Den  
  112  10:33  Spire  
  111  10:36  Drone x8  
  111  10:37  Drone x6  
  111  10:38  Drone  
  126  10:59  Hydralisk  
  126  11:00  Hydralisk  
  130  11:06  Overlord x4  
  130  11:07  Overlord  
  129  11:22  Hydralisk x4  
  129  11:23  Hydralisk x4  
  129  11:25  Hydralisk  
  80  11:34  Hydralisk x3  
  86  11:40  Hydralisk  
  86  11:41  Hydralisk  
  86  11:44  Lurker  
  91  11:50  Lurker x5  
  96  11:58  Lurker x2  
  96  12:01  Lurker x3  
  99  12:26  Hydralisk x5  
  99  12:27  Hydralisk x7  
  97  12:38  Zergling x12  
  89  13:04  Hydralisk x3  
  89  13:05  Hydralisk x6  
Show
View Real Time Build Order
Export as new Build Order

Ekelpack Zerg - Winner!

Build Orders: Hatch First 

Get SALT Encoding   

  12  0:00  Drone  
  13  0:13  Overlord  
  13  0:18  Drone  
  14  0:32  Drone x2  
  17  0:35  Drone  
  17  0:53  Hatchery  
  17  0:56  Drone  
  17  0:59  Extractor  
  17  1:01  Drone  
  17  1:16  Spawning Pool  
  16  1:24  Drone x2  
  18  1:32  Drone  
  19  1:40  Drone  
  20  2:03  Queen  
  20  2:04  Metabolic Boost  
  22  2:10  Queen  
  24  2:17  Drone  
  24  2:18  Drone  
  26  2:23  Overlord  
  26  2:27  Drone  
  27  2:30  Drone  
  28  2:41  Lair  
  28  2:42  Drone  
  29  2:46  Drone x2  
  31  2:54  Drone x2  
  33  3:03  Drone x2  
  35  3:06  Extractor  
  35  3:10  Extractor  
  33  3:16  Drone x3  
  36  3:22  Overlord  
  36  3:32  Extractor  
  35  3:41  Drone x4  
  37  3:44  Overlord  
  39  3:49  Drone  
  39  3:50  Drone, Spire  
  39  3:52  Drone x2  
  39  3:53  Drone x2  
  44  4:06  Queen  
  44  4:08  Zergling x8  
  50  4:21  Overlord x3  
  50  4:52  Hatchery  
  49  5:04  Mutalisk x6  
  49  5:05  Mutalisk x2  
  65  5:08  Zerg Flyer Weapons Level 1  
  65  5:24  Overlord  
  65  5:25  Infestation Pit  
  64  5:54  Zergling x14  
  64  5:55  Zergling x10  
  76  6:05  Evolution Chamber  
  76  6:07  Evolution Chamber  
  74  6:29  Mutalisk x6  
  74  6:30  Mutalisk x2  
  74  6:32  Overlord x3  
  89  6:44  Overlord  
  89  6:48  Drone  
  89  6:51  Zerg Melee Weapons Level 1  
  90  7:07  Drone x3  
  90  7:08  Drone x6  
  97  7:10  Hive  
  97  7:12  Zerg Ground Armor Level 1  
  99  7:35  Zergling x4  
  99  7:36  Zergling x8  
  105  7:47  Drone x4  
  105  7:48  Drone x3  
  105  7:50  Extractor  
  111  7:53  Drone  
  111  7:54  Overlord x2, Extractor  
  111  8:10  Overlord  
  111  8:15  Drone x2  
  111  8:18  Overlord x2  
  113  8:26  Ultralisk Cavern  
  112  8:39  Adrenal Glands  
  112  8:45  Overlord x3  
  112  8:48  Overlord x3  
  112  8:58  Zerg Melee Weapons Level 2  
  112  9:13  Chitinous Plating  
  112  9:15  Ultralisk x4  
  136  9:24  Zerg Ground Armor Level 2  
  136  10:16  Ultralisk  
  136  10:17  Ultralisk x3  
  136  10:18  Zergling x14  
  136  10:19  Zergling x10  
  136  10:20  Zergling x8  
  176  10:32  Anabolic Synthesis  
  182  10:35  Ultralisk  
  182  11:06  Ultralisk x3  
  168  11:43  Zergling x2, Ultralisk x2  
  168  11:44  Zergling x6  
  184  11:57  Zergling x4, Ultralisk  
  184  11:58  Zergling x12  
  191  12:23  Hatchery  
  191  12:25  Overseer x3  
  191  12:26  Pneumatized Carapace  
  138  13:02  Zergling x10  
Show
View Real Time Build Order
Export as new Build Order

Nyck Terran - Winner!

Build Orders: 2 Factory, Reaper Expand, Mech 

Get SALT Encoding   

  12  0:00  SCV  
  13  0:12  SCV  
  14  0:17  Supply Depot  
  14  0:24  SCV  
  15  0:39  SCV, Barracks  
  16  0:46  Refinery  
  16  0:58  SCV  
  17  1:13  SCV  
  18  1:25  SCV  
  19  1:31  Reaper  
  21  1:40  Orbital Command  
  20  2:24  Command Center  
  20  2:28  SCV  
  21  2:32  Refinery  
  21  2:35  Factory  
  21  2:36  Command Center  
  21  2:49  SCV  
  22  3:11  SCV  
  23  3:25  Factory  
  23  3:26  Factory  
  23  3:31  Supply Depot, SCV  
  24  3:43  SCV  
  24  3:45  Orbital Command  
  25  3:50  Orbital Command  
  25  3:57  SCV  
  25  4:01  Factory Tech Lab  
  26  4:09  SCV  
  27  4:11  Factory Reactor  
  27  4:13  Factory Reactor  
  26  4:17  SCV  
  26  4:18  SCV  
  26  4:23  Siege Tank  
  31  4:30  SCV x2  
  33  4:33  Infernal Pre-Igniter  
  33  4:35  SCV  
  34  4:42  SCV x2  
  36  4:47  SCV  
  36  4:48  Hellion x2  
  36  4:49  Hellion  
  36  4:50  Hellion  
  45  4:54  SCV x2  
  45  4:59  SCV, Siege Tank  
  51  5:06  SCV  
  51  5:07  SCV  
  53  5:17  Hellion x2  
  53  5:18  Hellion x2  
  53  5:19  SCV x3  
  64  5:23  Armory  
  64  5:26  Armory  
  64  5:33  SCV x3  
  67  5:49  SCV x2  
  69  5:56  SCV  
  70  5:59  Supply Depot, Mag-Field Accelerator  
  70  6:03  Cyclone  
  73  6:04  Hellion  
  73  6:05  Hellion  
  73  6:10  Command Center  
  77  6:21  SCV x3, Hellion x2  
  84  6:38  Hellion  
  84  6:39  Hellion  
  88  6:44  Hellbat  
  88  6:45  Hellbat  
  92  6:52  SCV  
  93  6:58  Supply Depot  
  93  7:00  Factory  
  93  7:01  Terran Vehicle And Ship Armor Level 1, Terran Vehicle Weapons Level 1  
  93  7:04  Armory  
  93  7:08  Refinery  
  93  7:10  Refinery  
  93  7:14  Refinery  
  93  7:15  Refinery  
  93  7:20  SCV x3  
  96  7:25  Orbital Command  
  96  7:26  Refinery  
  96  7:27  Siege Tank  
  96  7:29  Hellbat x3  
  107  7:30  Hellbat  
  107  7:32  SCV x3  
  107  7:36  Supply Depot  
  110  7:44  Smart Servos  
  110  7:48  Starport  
  110  7:58  Hellion x4  
  118  8:00  SCV, Terran Ship Weapons Level 1, Hellion  
  118  8:01  SCV x3  
  124  8:25  Supply Depot  
  124  8:31  Starport Tech Lab  
  124  8:36  Starport, Factory Tech Lab  
  124  8:42  Fusion Core  
  124  8:47  Supply Depot, SCV x4, Hellion x2  
  132  8:57  Drilling Claws  
  132  9:08  Terran Vehicle Weapons Level 2  
  132  9:09  Supply Depot, SCV x4, Hellion x4, Terran Vehicle And Ship Armor Level 2, Hellbat x2  
  148  9:15  Command Center  
  148  9:22  Refinery  
  148  9:25  SCV x2  
  148  9:26  SCV  
  148  9:30  Hellion x2  
  159  9:31  Hellion, Hellbat  
  159  9:33  Hellbat x2  
  163  9:38  Supply Depot  
  163  9:58  Terran Ship Weapons Level 2  
  163  10:00  Weapon Refit  
  163  10:01  Supply Depot  
  163  10:04  Starport  
  163  10:09  Starport Tech Lab  
  163  10:11  Starport  
  169  10:14  Battlecruiser  
  169  10:23  Supply Depot  
  171  10:28  SCV x4  
  171  10:31  Orbital Command  
  171  10:33  Refinery  
  173  10:36  Refinery  
  173  10:47  Supply Depot  
  173  10:50  SCV x4  
  173  10:52  Starport Tech Lab  
  173  10:53  Starport Tech Lab  
  177  11:09  Supply Depot  
  136  11:26  Battlecruiser x3  
  136  11:27  Battlecruiser  
  152  11:43  Hellion x2  
  152  11:44  Hellion x3  
  152  11:45  Hellion  
  154  12:30  Viking  
  156  12:50  SCV x3  
  147  13:03  Hellion  
  147  13:04  Hellbat x4  
  147  13:05  Hellbat  
Tags
 
Add a new tag
Caveats
  • Supply blocks, unpowered buildings, or Contaminate may cause inaccurate times.
  • Supply counts are checked every 10 seconds.